 Dungeon Sprint DCSS version 0.27.1-33-g824d729ab1 (webtiles) character file.

Game seed: 4014288535135817944

98 Hipnos the Thrower (level 4, -2/57 HPs)
             Began as a Minotaur Hunter on Nov 30, 2021.
             Slain by Sigmund (7 damage)
             ... in the Dungeon (Sprint I: "Red Sonja").
             The game lasted 00:02:24 (113 turns).

Hipnos the Thrower (Minotaur Hunter)                 Turns: 113, Time: 00:02:24

Health: -2/57      AC:  5    Str: 18    XL:     4   Next: 43%
Magic:  3/3        EV: 11    Int:  8    God:
Gold:   54         SH:  0    Dex: 10    Spells: 3/3 levels left

rFire    . . .     SeeInvis .   a - +0 short sword
rCold    . . .     Faith    .   (no shield)
rNeg     . . .     Spirit   .   l - +0 ring mail
rPois    .         Reflect  .   (helmet restricted)
rElec    .         Harm     .   (no cloak)
rCorr    .         Rampage  .   (no gloves)
Will     .....     NoTele   +   (no boots)
Stlth    ..........             (no amulet)
HPRegen  0.19/turn              (no ring)
MPRegen  0.08/turn              (no ring)

@: berserking, very quick
A: horns 2, retaliatory headbutt
a: no special abilities


You were in the Dungeon.
You visited 1 branch You collected 54 gold pieces.

Inventory:

Hand Weapons
 a - a +0 short sword (weapon)
Missiles
 c - 3 javelins (quivered)
Armour
 b - a +0 leather armour
 l - a +0 ring mail (worn)
Wands
 d - a wand of polymorph (7)
Scrolls
 j - a scroll of blinking
Potions
 e - a potion of curing
 g - a potion of haste
 h - 2 potions of magic


   Skills:
 + Level 3.5 Fighting
 + Level 9.1 Throwing
 + Level 3.4 Dodging
 - Level 0.7 Stealth
 + Level 1.0 Unarmed Combat


You had 3 spell levels left.
You didn't know any spells.
Your spell library was empty.

Dungeon Overview and Level Annotations

Branches:
Dungeon (1/1)

Altars:

Annotations:
D Sigmund


Innate Abilities, Weirdness & Mutations

You have a pair of horns on your head.
You reflexively headbutt those who attack you in melee.


Message History

You throw a javelin. Something hits you but does no damage.
You bump into the rock wall.
Non-targeted confused throw: 2 javelins
Press: ? - help, Q - select action, (/) - cycle Dir - look around, f - activate
Okay, then.
Non-targeted confused throw: 2 javelins
Press: ? - help, Q - select action, (/) - cycle Dir - look around, f - activate
Okay, then.
c - 3 javelins (gained 1)
Something hits you.
Non-targeted confused throw: 3 javelins
Press: ? - help, Q - select action, (/) - cycle Dir - look around, f - activate You throw a javelin.
Something hits you.
Unknown command.
c - 3 javelins (gained 1)
You feel less confused.
You hear some strange, mumbled words.
A magic dart appears from out of thin air!
The magic dart hits you.
There is an open door here.
You closely miss something. Something hits you.
You completely miss something. You headbutt something!
You hear some strange, mumbled words.
A puff of flame appears from out of thin air!
The puff of flame hits you!
* * * LOW HITPOINT WARNING * * *
You feel much better. Something hits you!
You barely miss something. Your headbutt misses something.
You hear some strange, mumbled words.
A puff of flame appears from out of thin air!
The puff of flame hits you!
* * * LOW HITPOINT WARNING * * *
A red film seems to cover your vision as you go berserk!
You feel yourself moving faster!
You feel mighty! Something hits you!
* * * LOW HITPOINT WARNING * * *
You closely miss something. Your headbutt misses something.
You barely miss something. You headbutt something! Something hits you!
You die...

#############
#<.#..)..#.(+
#..'..#..@{(#
#..#####'####
#..# #..#
#..# ####
#).# #⌠⌠#
####


There were no monsters in sight!

Vanquished Creatures
  An ogre (D)
  Ijyb (D)
2 creatures vanquished.

Notes
Turn   | Place    | Note
-------+----------+-------------------------------------------
     0 | D        | Hipnos the Minotaur Hunter began the quest for the Orb.
     0 | D        | Reached XP level 1. HP: 18/18 MP: 0/0
     1 | D        | Noticed Ijyb
    19 | D        | Killed Ijyb
    20 | D        | Reached skill level 6 in Throwing
    20 | D        | Reached XP level 2. HP: 25/25 MP: 1/1
    56 | D        | Noticed an ogre
    63 | D        | Killed an ogre
    64 | D        | Reached skill level 9 in Throwing
    64 | D        | Reached skill level 1 in Unarmed Combat
    64 | D        | Reached XP level 3. HP: 31/31 MP: 2/2
    64 | D        | Reached XP level 4. HP: 38/38 MP: 3/3
    97 | D        | Noticed Sigmund
   113 | D        | Slain by Sigmund

Illustrated notes

Levels and vault maps discovered:
D:        dungeon_sprint_1 [red_sonja_temple_1, red_sonja_temple_small_1]

Skill      XL: |  1  2 |
---------------+-------+-----
Throwing       | 6 9 |  9.1
Fighting       | 3 |  3.5
Dodging        | 3 |  3.4
Unarmed Combat | 1 |  1.0
Stealth        | |  0.7

Action                   |  1- 3 |  4- 6 || total
-------------------------+-------+-------++-------
Melee: Unarmed           |     6 |       ||     6
       Short sword       |       |     5 ||     5
       Headbutt          |       |     2 ||     2
Throw: Javelin           |     9 |     5 ||    14
       Throwing net      |     3 |       ||     3
  Use: Potion            |       |     2 ||     2
Armor: Skin              |     1 |       ||     1
       Ring mail         |       |     1 ||     1
Dodge: Dodged            |     4 |       ||     4
